 Dungeon Crawl Stone Soup version 0.17.0-25-gefc9c12 (console) character file.

3790 gw the Carver (level 9, -1/88 HPs)
             Began as a Deep Dwarf Chaos Knight on Nov 18, 2015.
             Slain by a starcursed mass (4 damage)
             ... on level 1 of the Abyss.
             The game lasted 00:09:44 (6757 turns).

gw the Carver (Deep Dwarf Chaos Knight)             Turns: 6757, Time: 00:09:44

Health: -1/88      AC: 19    Str: 15    XL:     9   Next: 95%
Magic:  5/5        EV:  5    Int: 14    God:    Xom [...*..]
Gold:   424        SH:  0    Dex: 18    Spells: 0 memorised, 8 levels left

rFire  . . .     SeeInvis .     a - +0 long sword
rCold  . . .     Clarity  .     r - +0 plate armour
rNeg   . . .     SustAt   .     (no shield)
rPois  .         Gourm    .     n - +1 helmet
rElec  .         Spirit   .     t - +0 cloak
rCorr  .         Warding  .     (no gloves)
rMut   .         Stasis   .     h - +0 pair of boots
MR     +....                    (no amulet)
Stlth  ..........               (no ring)
                                p - +3 ring of dexterity

@: non-regenerating, somewhat resistant to hostile enchantments, extremely
unstealthy
A: damage resistance, recharge devices, sense surroundings 2, slow regeneration
3
a: Device Recharging, Renounce Religion


You were on level 1 of the Abyss.
You worshipped Xom.
You were a favourite toy of Xom.
You were not hungry.

You visited 1 branch of the dungeon, and saw 8 of its levels.
You visited the Abyss 1 time.

You collected 424 gold pieces.

Inventory:

Hand Weapons
 a - a +0 long sword (weapon)
 b - a +0 hand crossbow
Missiles
 i - 46 bolts
Armour
 h - a +0 pair of boots (worn)
 n - a +1 helmet (worn)
 r - a +0 plate armour (worn)
 t - a +0 cloak (worn)
Jewellery
 p - a +3 ring of dexterity (left hand)
Wands
 c - a wand of heal wounds (5)
 u - a wand of lightning (7)
Scrolls
 f - 9 scrolls of identify
 o - a scroll of remove curse
 q - 2 scrolls of teleportation
 s - a scroll of acquirement {unknown}
Potions
 e - a potion of haste
 k - a potion of might
Comestibles
 d - 13 bread rations
 g - 3 slices of pizza
 j - 5 meat rations


   Skills:
 + Level 7.8 Fighting
 * Level 11.5 Long Blades
 + Level 1.8 Crossbows
 + Level 9.1 Armour
 - Level 1.1 Dodging
 - Level 1.8 Evocations


You had 8 spell levels left.
You didn't know any spells.

Dungeon Overview and Level Annotations

Branches:
Dungeon (8/15)             Temple (0/1) D:6
   Lair: D:8-11

Altars:
Ashenzari
Cheibriados
Dithmenos
Elyvilon
Fedhas
Gozag
Nemelex Xobeh
Qazlal
Ru
Sif Muna
Vehumet
Xom
Zin
The Shining One

Shops:
D:7 [

Annotations:
D:5 Edmund


Innate Abilities, Weirdness & Mutations

You are resistant to damage.
You can recharge devices by infusing magical energy.
You passively map the area around you.
You do not regenerate naturally.


Message History

Zapping:
c - a wand of heal wounds (1)
Press: ? - help, Shift-Dir - straight line, f - you You feel much better.
This wand has 0 charges left.
The starcursed mass engulfs you!
A cacophony of accursed wailing tears at your sanity!
You emit a cloud of colourful smoke!
You shrug off the repeated paralysis!
The starcursed mass engulfs you but does no damage.
The starcursed mass engulfs you. The bone dragon bites you!!
Xom roars with laughter!
The bone dragon claws you.
The bone dragon tramples you but does no damage.
Charge which item? (? for menu, Esc to quit)
Choose an item to recharge, or Esc to abort.
Charge which item? (? for menu, Esc to quit)
Your wand of heal wounds (0) glows for a moment and now has 5 charges.
The starcursed mass engulfs you.
A starcursed mass splits.
The starcursed mass engulfs you!
You die...
Xom titters!

# ..... .## . .
. #. ..## # .#
#.#. # #.#...
¤.####. .. .
.#..#..#.#.#.#
#.# ## # .#
##..#...# ..
#.# .###.#..#
.# . .
#.....#.#.##X##
## #..
.##....¤X#X##
#.#. .
#.###gXX.# #...
## .#.DX#X#¤# .
# #...##X.#
#..## .. ..
#...## .#..#.
#..... ..##..
#.#.#. .. ## ##
. ..# . # .


You could see a bone dragon and 8 starcursed masses.

Table legend:
 A = Turns spent in this place as a percentage of turns spent in the entire game.
 B = Non-inter-level travel turns spent in this place as a percentage of non-inter-level travel turns spent in the entire game.
 C = Inter-level travel turns spent in this place as a percentage of turns spent in this place.
 D = Turns resting spent in this place as a percentage of non-inter-level travel turns spent in this place.
 E = Turns spent auto-exploring this place as a percentage of non-inter-level travel turns spent in this place.
 F = Non-inter-level travel turns spent in this place divided by the number of levels of this place that you've seen.
                   A       B       C       D       E      F
               +-------+-------+-------+-------+-------+----------------------
         Total | 100.0 | 100.0 |   0.3 |   0.0 |   3.0 | 1901.0
       Dungeon |  98.8 |  98.8 |   0.3 |   0.0 |   3.1 | 2113.9
         Abyss |   1.2 |   1.2 |   0.0 |   0.0 |   1.5 | 198.0
               +-------+-------+-------+-------+-------+----------------------

Table legend:
 A = Kills in this place as a percentage of kills in entire the game.
 B = Kills by you in this place as a percentage of kills by you in the entire game.
 C = Kills by friends in this place as a percentage of kills by friends in the entire game.
 D = Other kills in this place as a percentage of other kills in the entire game.
 E = Experience gained in this place as a percentage of experience gained in the entire game.
 F = Experience gained in this place divided by the number of levels of this place that you have seen.
                   A       B       C       D       E      F
               +-------+-------+-------+-------+-------+----------------------
         Total | 100.0 | 100.0 |  -nan | 100.0 | 100.0 | 580.8
       Dungeon |  98.9 | 100.0 |  -nan |   0.0 |  92.0 | 601.4
         Abyss |   1.1 |   0.0 |  -nan | 100.0 |   8.0 | 416.0
               +-------+-------+-------+-------+-------+----------------------

Vanquished Creatures
  The ghost of tinybubbles the Ruffian, a novice OgGl of Xom (D:5)
  A spriggan (D:7)
  A golden eye (D:6)
  The ghost of gw the Skirmisher, an amateur DsFi of Nemelex Xobeh (D:4)
  Duvessa (D:7)
  An orc warrior (D:8)
  2 sky beasts (D:5)
  3 centaurs
  An ice beast (D:6)
  A centaur (shapeshifter) (D:5)
  2 ogres
  Blork the orc (D:6)
  5 giant frogs
  A wyvern skeleton (D:8)
  Dowan (D:7)
  2 scorpions
  6 orc wizards
  A crimson imp (D:6)
  2 jellies
  A centaur zombie (D:6)
  2 giant frog zombies (D:7)
  2 orc priests
  7 hounds
  2 giant frog skeletons (D:4)
  5 worker ants
  A hound skeleton (D:8)
  10 adders
  2 gnolls (D:6)
  A shadow imp (D:8)
  2 oozes
  2 worms (D:2)
  7 giant geckos
  31 orcs
  7 bats
  10 goblins
  10 hobgoblins
  4 quokkas
  4 ball pythons
  10 giant cockroaches
  A giant cockroach zombie (D:6)
  5 giant newts
  6 jackals
  A jackal skeleton (D:8)
  3 kobolds
  7 rats
  A plant (D:2)
178 creatures vanquished.

Vanquished Creatures (others)
  5 sheep (D:4)
5 creatures vanquished.

Grand Total: 183 creatures vanquished

Notes
Turn   | Place    | Note
--------------------------------------------------------------
     0 | D:1      | gw the Deep Dwarf Chaos Knight began the quest for the Orb.
     0 | D:1      | Reached XP level 1. HP: 20/20 MP: 1/1
    60 | D:1      | XOM: silly message
   110 | D:1      | XOM: harmless Hex miscast
   337 | D:1      | Reached skill level 1 in Evocations
   368 | D:1      | Reached XP level 2. HP: 13/27 MP: 2/2
   424 | D:1      | XOM: enchant monster (bad)
   742 | D:1      | XOM: god gift: scroll labeled UNAYKKEUMNUPT
   833 | D:2      | Found a sacrificial altar of Ru.
   845 | D:2      | Reached XP level 3. HP: 26/34 MP: 4/4
   887 | D:2      | Found a blossoming altar of Fedhas.
   897 | D:2      | Noticed an oklob plant
   970 | D:2      | XOM: enchant monster (good)
  1022 | D:2      | XOM: confuse monster(s)
  1024 | D:2      | XOM: confuse monster(s)
  1062 | D:2      | XOM: potion effect (heal wounds)
  1066 | D:2      | XOM: fog
  1076 | D:2      | XOM: potion effect (brilliance)
  1078 | D:2      | XOM: divination: detect items
  1086 | D:2      | XOM: potion effect (might)
  1090 | D:2      | XOM: potion effect (might)
  1098 | D:2      | XOM: potion effect (brilliance)
  1124 | D:2      | XOM: potion effect (agility)
  1128 | D:2      | XOM: divination: magic mapping
  1150 | D:2      | XOM: stat loss: -1 Int (16/17)
  1152 | D:2      | XOM: summons 2 friendly demons
  1244 | D:2      | XOM: summons 3 friendly demons
  1252 | D:2      | XOM: fake destruction
  1256 | D:2      | XOM: enchant monster (bad)
  1378 | D:2      | XOM: give mutations
  1378 | D:2      | Gained mutation: You are dopey. (Int -2) [Xom's mischief]
  1378 | D:2      | Gained mutation: You are very dopey. (Int -4) [Xom's mischief]
  1378 | D:2      | Gained mutation: You are frail (-10% HP). [Xom's mischief]
  1437 | D:2      | XOM: mild Fire miscast
  1443 | D:2      | Reached XP level 4. HP: 20/37 MP: 5/5
  1448 | D:2      | XOM: draining
  1458 | D:2      | XOM: harmless Pois miscast
  1460 | D:2      | Reached skill level 4 in Long Blades
  1489 | D:2      | Found a radiant altar of Vehumet.
  1736 | D:2      | Found a stormy altar of Qazlal.
  1844 | D:2      | XOM: mild Chrm miscast
  1941 | D:2      | XOM: summons 1 hostile demon
  1976 | D:2      | Gained mutation: You can translocate small distances at will. [potion of beneficial mutation]
  2047 | D:3      | Found a sparkling altar of Nemelex Xobeh.
  2711 | D:3      | Found a deep blue altar of Sif Muna.
  2712 | D:3      | XOM: harmless Ice miscast
  2753 | D:3      | Reached XP level 5. HP: 38/44 MP: 6/6
  2756 | D:3      | Found a shattered altar of Ashenzari.
  2876 | D:3      | Reached skill level 6 in Fighting
  2876 | D:3      | Reached skill level 9 in Long Blades
  2876 | D:3      | Reached XP level 6. HP: 42/56 MP: 7/7
  3008 | D:4      | XOM: harmless Tloc miscast
  3102 | D:4      | Noticed gw's ghost (amateur DsFi)
  3107 | D:4      | XOM: 1-stop teleportation journey
  3122 | D:4      | XOM: blink monster(s)
  3133 | D:4      | Killed gw's ghost
  3133 | D:4      | Reached skill level 10 in Long Blades
  3133 | D:4      | Reached XP level 7. HP: 34/63 MP: 8/8
  3192 | D:4      | Found a glowing golden altar of the Shining One.
  3357 | D:4      | Found a shimmering altar of Xom.
  3414 | D:4      | XOM: mild Trmt miscast
  3450 | D:4      | XOM: god gift: 42 gold pieces
  3544 | D:5      | Entered Level 5 of the Dungeon
  3668 | D:5      | XOM: confusion
  3672 | D:5      | XOM: noise
  3752 | D:5      | XOM: potion effect (heal wounds)
  3768 | D:5      | XOM: silly message
  3796 | D:5      | XOM: vitrification
  3799 | D:5      | Noticed tinybubbles's ghost (novice OgGl)
  3821 | D:5      | XOM: fog
  3823 | D:5      | Killed tinybubbles's ghost
  3823 | D:5      | Reached XP level 8. HP: 39/72 MP: 7/7
  3859 | D:5      | XOM: polymorph orc wizard -> jelly
  3889 | D:5      | XOM: enchant monster (good)
  3952 | D:5      | Found a white marble altar of Elyvilon.
  4042 | D:5      | Noticed Edmund
  4106 | D:5      | Lost mutation: You are very dopey. (Int -4) [potion of cure mutation]
  4106 | D:5      | Lost mutation: You are frail (-10% HP). [potion of cure mutation]
  4106 | D:5      | Lost mutation: You are dopey. (Int -2) [potion of cure mutation]
  4106 | D:5      | Lost mutation: You can translocate small distances at will. [potion of cure mutation]
  4378 | D:6      | XOM: polymorph gnoll -> hound
  4504 | D:6      | XOM: confuse monster(s)
  4505 | D:6      | XOM: fake destruction
  4509 | D:6      | XOM: confusion
  4543 | D:6      | XOM: noise
  4596 | D:6      | Found a staircase to the Ecumenical Temple.
  4610 | D:6      | Noticed Blork the orc
  4619 | D:6      | Killed Blork the orc
  4646 | D:6      | Found an opulent altar of Gozag.
  4871 | D:6      | Gained mutation: You passively map the area around you. [Deep Dwarf growth]
  4871 | D:6      | Reached XP level 9. HP: 65/86 MP: 7/7
  5002 | D:6      | XOM: colour smoke trail
  5087 | D:7      | XOM: mild Trmt miscast
  5149 | D:7      | Found a shadowy altar of Dithmenos.
  5181 | D:7      | XOM: summons 4 hostile demons
  5249 | D:7      | Reached skill level 11 in Long Blades
  5273 | D:7      | Found Xuoqanao's Armour Emporium.
  5299 | D:7      | XOM: divination: detect creatures
  5327 | D:7      | XOM: divination: magic mapping
  5375 | D:7      | XOM: summons 2 friendly demons
  5446 | D:7      | Found a glowing silver altar of Zin.
  5534 | D:7      | Noticed Dowan
  5535 | D:7      | Noticed Duvessa
  5542 | D:7      | XOM: summons friendly shadow imp
  5545 | D:7      | XOM: destruction
  5551 | D:7      | Killed Dowan
  5555 | D:7      | Killed Duvessa
  5608 | D:7      | Found a shattered altar of Ashenzari.
  6103 | D:8      | Reached skill level 1 in Crossbows
  6246 | D:8      | Found a snail-covered altar of Cheibriados.
  6577 | D:8      | XOM: confusion (+ monsters)
  6673 | D:8      | Cast into the Abyss (orc)
  6726 | Abyss:1  | Noticed a starcursed mass
  6726 | Abyss:1  | XOM: confuse monster(s)
  6731 | Abyss:1  | XOM: confuse monster(s)
  6734 | Abyss:1  | XOM: enchant monster (good)
  6741 | Abyss:1  | Noticed a bone dragon
  6747 | Abyss:1  | XOM: divination: magic mapping
  6755 | Abyss:1  | Paralysed by accursed screaming for 1 turns
  6756 | Abyss:1  | XOM: smoke on damage
  6756 | Abyss:1  | HP: 3/88 [bone dragon (4)]
  6757 | Abyss:1  | Slain by a starcursed mass

Action                   |  1- 3 |  4- 6 |  7- 9 || total
-------------------------+-------+-------+-------++-------
Melee: Falchion          |   135 |   174 |   257 ||   566
       Long sword        |       |       |   296 ||   296
 Fire: Hand crossbow     |       |       |    31 ||    31
 Abil: Device Recharging |       |       |     5 ||     5
Evoke: Wand              |     1 |     1 |    31 ||    33
  Use: Scroll            |     4 |     3 |     4 ||    11
       Potion            |     1 |     4 |    11 ||    16
 Stab: Paralysed         |       |    12 |     6 ||    18
       Confused          |       |       |     4 ||     4
       Petrifying        |       |       |     1 ||     1
  Eat: Chunk             |     2 |     6 |    13 ||    21

Vault maps used:
D:1:      sevenhm_arrival_forest_fort_large_4
D:2:      lemuel_round_altar, tgw_fedhas, fiery_altar_vehumet,
          nicolae_ru_great_annihilating_truth, st_stairs_3
D:3:      overflow_temple_1_default, lemuel_blue_sif_altar,
          nemelex_xobeh_ov_fountains_minmay, grunt_decor_cap
D:4:      nicolae_tso_carved_into_rock, kb_xom_exploding_sheep, first_bread,
          minmay_surrounded
D:5:      elyvilon_altar_3, uniq_edmund
D:6:      grunt_gozag_statues, minmay_temple_entry_butterflies,
          uniq_blork_the_orc
D:7:      zin_scriptorium, serial_shops, nicolae_shop_window_shopping,
          basic_altar, the_bakery, st_stairs_14, nicolae_dithmenos_the_darkroom,
          uniq_duvessa
D:8:      cheibriados_altar_1
